 Dungeon Crawl Stone Soup version 0.28.0-53-g5a82cb258f (webtiles) character file.

Game seed: 2835047044637382724

13375 concernfroge the Thaumaturge (level 11, -3/54 HPs)
             Began as a Deep Elf Conjurer on June 26, 2022.
             Was an Initiate of Vehumet.
             Slain by a sixfirhy (9 damage)
             ... in a Gauntlet.
             The game lasted 01:07:21 (14155 turns).

concernfroge the Thaumaturge (Deep Elf Conjurer)   Turns: 14155, Time: 01:07:22

Health: -3/54      AC:  5    Str:  4    XL:     11   Next: 74%
Magic:  15/29      EV: 12    Int: 28    God:    Vehumet [......]
Gold:   564        SH:  5    Dex: 13    Spells: 4/35 levels left

rFire   . . .      SeeInvis .   w - staff of earth
rCold   + . .      Faith    .   c - +0 buckler
rNeg    . . .      Spirit   .   a - +0 robe
rPois   .          Reflect  .   e - +2 hat
rElec   .          Harm     .   (no cloak)
rCorr   .          Rampage  .   (no gloves)
Will    ++...      NoTele   +   i - +0 pair of boots
Stlth   ++........              (no amulet)
HPRegen 0.18/turn               g - ring of protection from cold
MPRegen 0.21/turn               p - ring of willpower

@: no status effects
A: no striking features
a: Renounce Religion


You were in a Gauntlet.
You worshipped Vehumet.
Vehumet was noncommittal.
You visited 2 branches of the dungeon, and saw 12 of its levels.
You also visited: Gauntlet.

You collected 564 gold pieces.

Inventory:

Missiles
 t - 2 throwing nets
Armour
 a - a +0 robe (worn)
 c - a +0 buckler (worn)
 e - a +2 hat (worn)
 i - a +0 pair of boots (worn)
Magical Staves
 w - a staff of earth (weapon)
Jewellery
 g - a ring of protection from cold (left hand)
 p - a ring of willpower (right hand)
 q - a ring of protection from fire
Wands
 j - a wand of paralysis (9) (quivered)
Scrolls
 k - a scroll of blinking
 l - a scroll of fear
 u - a scroll of teleportation
Potions
 b - 3 potions of curing
 d - a potion of brilliance
 f - 2 potions of might
 h - 2 potions of invisibility
 n - a potion of lignification {unknown}
 o - a potion of haste {unknown}
 r - a potion of ambrosia
 s - a potion of attraction
Miscellaneous
 v - a piece from Xom's chessboard (15/15)


   Skills:
 - Level 2.4 Dodging
 - Level 2.4 Stealth
 + Level 5.7 Shields
 + Level 12.8 Spellcasting
 + Level 11.8 Conjurations
 - Level 7.4 Hexes
 - Level 5.6 Translocations
 + Level 8.6 Earth Magic


You had 4 spell levels left.
You knew the following spells:

 Your Spells              Type           Power      Damage    Failure   Level
a - Magic Dart            Conj           100%       1d8       1%          1
b - Searing Ray           Conj           100%       2d8       1%          2
c - Dazzling Flash        Conj/Hex       100%       N/A       1%          3
d - Fulminant Prism       Conj/Hex       32%        3d16      1%          4
e - Iskenderun's Mystic   Conj/Tloc      61%        2d13      1%          4
f - Tukima's Dance        Hex            56%        N/A       1%          3
g - Lehudib's Crystal Sp  Conj/Erth      42%        10d10     98%         8
h - Gell's Gravitas       Tloc           49%        N/A       1%          3
i - Teleport Other        Tloc           49%        N/A       1%          3

Your spell library contained the following spells:

 Spells                   Type           Power      Damage    Failure   Level
 Static Discharge         Conj/Air       50%        N/A       1%          2
 Stone Arrow              Conj/Erth      100%       3d13      1%          3
 Summon Small Mammal      Summ           68%        N/A       3%          1
 Sticky Flame             Conj/Fire      50%        2d7       3%          4
 Animate Armour           Summ/Erth      100%       N/A       6%          4
 Anguish                  Hex/Necr       19%        N/A       9%          4
 Dispel Undead            Necr           17%        3d10      36%         4
 Dispersal                Tloc           24%        N/A       50%         6
 Enfeeble                 Hex            28%        N/A       83%         7


Dungeon Overview and Level Annotations

Branches:
Dungeon (11/15)            Temple (1/1) D:7             Orc (0/2) D:9
Gauntlet (1/1)
   Lair: D:8-11

Altars:
Ashenzari
Cheibriados
Dithmenos
Elyvilon
Fedhas
Gozag
Hepliaklqana
Kikubaaqudgha
Makhleb
Nemelex Xobeh
Okawaru
Qazlal
Ru
Sif Muna
Trog
Uskayaw
Vehumet
Wu Jian
Xom
Yredelemnul
Zin
The Shining One

Shops:
D:7 *   D:9 *

Annotations:
D:9 3 runed translucent doors, safid's ghost, novice HOFi
D:10 Josephine Gauntlet 11 transporters, 21 runed translucent doors


Message History

The sixfirhy is almost dead.
The sixfirhy is knocked back by the mystic blast.
The sixfirhy drops a net on you.
You become entangled in the net!
The sixfirhy enters a dispersal trap!
You blink.
The sixfirhy blinks!
Your fulminant prism crackles loudly.
Magic courses through your body.
The sixfirhy fails to trigger a net trap.
The sixfirhy misses you. The sixfirhy hits you. The sixfirhy shocks you!
Your fulminant prism explodes!
Casting: Iskenderun's Mystic Blast (dangerous; 1% risk of failure)
Confirm with . or Enter, or press ? or * to list all spells.
You erupt in a blast of force!
The mystic blast hits the sixfirhy!
You kill the sixfirhy!
Vehumet accepts your kill.
The mystic blast hits the sixfirhy!
The sixfirhy is moderately wounded.
The sixfirhy is knocked back by the mystic blast.
The sixfirhy barely misses you.
Casting: Iskenderun's Mystic Blast (dangerous; 1% risk of failure)
Confirm with . or Enter, or press ? or * to list all spells.
You erupt in a blast of force!
The mystic blast hits the sixfirhy!
The sixfirhy is severely wounded.
The sixfirhy is knocked back by the mystic blast.
The sixfirhy enters a dispersal trap!
The sixfirhy blinks!
The sixfirhy fails to trigger a net trap.
You blink.
The sixfirhy hits you. The sixfirhy shocks you!
* * * LOW HITPOINT WARNING * * *
Okay, then.
Casting: Iskenderun's Mystic Blast (dangerous; 1% risk of failure)
Confirm with . or Enter, or press ? or * to list all spells.
You erupt in a blast of force!
The mystic blast hits the sixfirhy!
The sixfirhy is moderately wounded.
The sixfirhy is knocked back by the mystic blast.
The sixfirhy slams into the translucent stone wall!
The sixfirhy is severely wounded.
The ynoxinul bellows!
The sixfirhy completely misses you. The sixfirhy hits you.
* * * LOW HITPOINT WARNING * * *
The sixfirhy shocks you!
You die...

..#..#...#.##....###..#
.P...#...#..######.#..###
.....#...#....3..!.#..#8#
######.§.###########..###
.....§.≈§............≈#
......§8≈........∩..§§###
.......§............§§#8#
######...###########§§###
.....#...#...^..@3.#..#
^#.#.#...#.##.##.#.#..###
#.#.X#####§^..3..^.#..#8#
^#.#x#...#.#^##.##§#..###
©^#.x#©.©#©..#©.#..#©.#
.#.#^#...#).##.##^§#..###
#.#..#####[^3..^3..#..#8#
.#^#.#...#^##.##.#.#..###
.^x.^#.8.#.........#..#


You could see a sixfirhy and a ynoxinul.

Vanquished Creatures
  Gastronok (D:9)
  Harold (D:10)
  2 ogre magi (D:10)
  2 two-headed ogres
  2 sixfirhies (Gauntlet)
  An orc knight (D:10)
  A meliai (D:10)
  2 hornets
  A slime creature (D:10)
  A wraith (D:10)
  10 yaks
  4 vampire mosquitoes (D:8)
  2 steam dragons
  An acid dragon (D:9)
  5 orc warriors
  3 sky beasts
  A black bear (D:6)
  2 hornet zombies
  An ice beast (D:7)
  An ogre (D:6)
  10 centaurs
  A kobold brigand (D:6)
  4 phantoms
  2 bullfrogs
  A wyvern zombie (D:8)
  A gnoll sergeant (D:8)
  3 scorpions
  A water moccasin skeleton (D:6)
  7 killer bees
  4 howler monkeys
  A centaur zombie (D:5)
  2 bullfrog zombies (D:6)
  A jelly (D:6)
  An orc priest (D:10)
  2 hounds
  2 gnoll shamans
  A scorpion zombie (D:5)
  A centaur skeleton (D:6)
  6 orc wizards
  A killer bee zombie (D:9)
  A howler monkey zombie (D:9)
  13 gnolls
  A howler monkey skeleton (D:6)
  5 adders
  2 white imps
  2 ufetubi (D:6)
  An adder skeleton (D:4)
  A worm (D:3)
  2 dart slugs
  29 orcs
  5 ball pythons
  4 endoplasms
  4 giant cockroaches
  4 goblins
  8 hobgoblins
  2 jackals (D:4)
  6 quokkas
  3 bats
  2 frilled lizards (D:1)
  11 kobolds
  7 rats
209 creatures vanquished.

Vanquished Creatures (collateral kills)
  Sonja (D:10)
1 creature vanquished.

Vanquished Creatures (others)
  A dancing weapon (D:10)
  123 fulminant prisms
  5 fungi (Gauntlet)
  13 plants (Gauntlet)
142 creatures vanquished.

Grand Total: 352 creatures vanquished

Notes
Turn   | Place    | Note
-------+----------+-------------------------------------------
     0 | D:1      | concernfroge the Deep Elf Conjurer began the quest for the
                  | Orb.
     0 | D:1      | Reached XP level 1. HP: 10/10 MP: 6/6
   351 | D:1      | Reached XP level 2. HP: 15/15 MP: 4/8
   356 | D:1      | Learned a level 2 spell: Searing Ray
   797 | D:1      | Reached skill level 4 in Spellcasting
   919 | D:1      | Reached skill level 5 in Conjurations
   919 | D:1      | Reached XP level 3. HP: 16/19 MP: 5/10
   923 | D:1      | Learned a level 3 spell: Dazzling Flash
  1343 | D:2      | Found a faded altar of an unknown god.
  1799 | D:2      | You fall into a shaft and drop 2 floors!
  1823 | D:4      | Noticed a phantom
  1924 | D:3      | Reached skill level 1 in Hexes
  2287 | D:3      | Reached XP level 4. HP: 24/24 MP: 6/12
  2292 | D:3      | Learned a level 4 spell: Fulminant Prism
  2562 | D:4      | Killed a phantom
  2563 | D:4      | Reached skill level 5 in Spellcasting
  2563 | D:4      | Reached XP level 5. HP: 28/28 MP: 9/14
  2568 | D:4      | Learned a level 4 spell: Iskenderun's Mystic Blast
  2840 | D:4      | Noticed a phantom
  2853 | D:4      | Killed a phantom
  2854 | D:4      | Reached skill level 1 in Translocations
  3319 | D:4      | Noticed a sky beast
  3326 | D:4      | Killed a sky beast
  3327 | D:4      | Reached XP level 6. HP: 32/32 MP: 2/16
  3691 | D:5      | Entered Level 5 of the Dungeon
  4109 | D:5      | Reached skill level 6 in Spellcasting
  4332 | D:5      | Reached XP level 7. HP: 36/36 MP: 12/18
  4694 | D:6      | Reached skill level 5 in Hexes
  5067 | D:6      | Reached skill level 7 in Spellcasting
  5070 | D:6      | Reached XP level 8. HP: 35/41 MP: 2/20
  5257 | D:6      | Found a sacrificial altar of Ru.
  5518 | D:6      | Learned a level 3 spell: Tukima's Dance
  5956 | D:7      | Reached skill level 8 in Spellcasting
  5956 | D:7      | Reached skill level 5 in Translocations
  6383 | D:7      | Noticed a hornet
  6506 | D:7      | Reached XP level 9. HP: 45/45 MP: 16/23
  6515 | D:7      | Learned a level 8 spell: Lehudib's Crystal Spear
  6548 | D:7      | Found Zin's Purification Station.
  6549 | D:7      | Found a glowing silver altar of Zin.
  6879 | D:7      | Found a staircase to the Ecumenical Temple.
  6887 | Temple   | Entered the Ecumenical Temple
  7144 | D:7      | Reached skill level 1 in Earth Magic
  7210 | D:7      | Reached skill level 9 in Spellcasting
  8260 | D:8      | Found an iron altar of Okawaru.
  8310 | D:8      | Reached skill level 10 in Spellcasting
  8315 | D:8      | Reached skill level 1 in Shields
  8807 | D:9      | Found a runed translucent gate.
  8807 | D:9      | Found a runed translucent gate.
  8807 | D:9      | Found a runed translucent gate.
  8807 | D:9      | Found an opulent altar of Gozag.
  8822 | D:9      | Reached skill level 5 in Earth Magic
  8822 | D:9      | Reached XP level 10. HP: 50/50 MP: 16/26
  8879 | D:9      | Found a staircase to the Orcish Mines.
  9065 | D:9      | Noticed Gastronok
  9759 | D:10     | Entered Level 10 of the Dungeon
  9950 | D:10     | Reached skill level 10 in Conjurations
 10038 | D:10     | Learned a level 3 spell: Gell's Gravitas
 10140 | D:10     | Noticed a seven-headed hydra
 10141 | D:10     | Noticed an orc knight
 10155 | D:10     | Noticed an ogre mage
 10155 | D:10     | Noticed a white ugly thing
 10156 | D:10     | Noticed a centaur warrior
 10156 | D:10     | Noticed a cyclops
 10166 | D:10     | Noticed a manticore
 10167 | D:10     | Noticed an ogre mage
 10277 | D:10     | Noticed Josephine
 11417 | D:9      | Reached skill level 11 in Spellcasting
 11794 | D:9      | Killed Gastronok
 11795 | D:9      | Reached XP level 11. HP: 36/54 MP: 7/28
 12098 | D:9      | Noticed a catoblepas
 12098 | D:9      | Noticed a shock serpent
 12099 | D:9      | Found Daum's Assorted Antiques.
 12099 | D:9      | Noticed safid's ghost (novice HOFi)
 12106 | D:9      | Noticed a steelbarb worm
 12106 | D:9      | a shock serpent changed into a steelbarb worm
 12120 | D:9      | Noticed an orb spider
 12120 | D:9      | a steelbarb worm changed into an orb spider
 12147 | D:9      | Noticed a two-headed ogre
 12159 | D:9      | Killed a two-headed ogre
 12261 | D:9      | Found a radiant altar of Vehumet.
 12261 | D:9      | Found an ancient bone altar of Kikubaaqudgha.
 12263 | D:9      | Found a shimmering blue altar of Sif Muna.
 12271 | D:9      | Got Sif Muna's Guide on Calling
 12279 | D:9      | Became a worshipper of Vehumet
 12343 | D:9      | Noticed an anaconda
 12667 | D:10     | Noticed a two-headed ogre
 12672 | D:10     | Killed a two-headed ogre
 12718 | D:10     | Noticed Sonja
 12728 | D:10     | Killed Sonja
 12807 | D:10     | Reached skill level 12 in Spellcasting
 13046 | D:10     | Noticed Harold
 13060 | D:10     | Killed Harold
 13061 | D:10     | Reached skill level 5 in Shields
 13413 | D:10     | Killed an ogre mage
 13450 | D:10     | Killed an ogre mage
 13565 | D:10     | Killed an orc knight
 13612 | D:11     | Found a gate leading to a gauntlet.
 13618 | Gauntlet | Entered a Gauntlet
 13618 | Gauntlet | Noticed a sixfirhy
 13618 | Gauntlet | Noticed a sixfirhy
 13618 | Gauntlet | Noticed a sixfirhy
 13618 | Gauntlet | Found a transporter.
 13618 | Gauntlet | Found a transporter.
 13621 | Gauntlet | Noticed a sixfirhy
 13733 | Gauntlet | Found a transporter.
 13735 | Gauntlet | Found a transporter.
 13740 | Gauntlet | Noticed a catoblepas
 13743 | Gauntlet | Found a transporter.
 13747 | Gauntlet | Noticed a thrashing horror
 13809 | Gauntlet | Found a transporter.
 13811 | Gauntlet | Found a large runed translucent door.
 13812 | Gauntlet | Found a large runed translucent door.
 13813 | Gauntlet | Found a large runed translucent door.
 13813 | Gauntlet | Found a large runed translucent door.
 13813 | Gauntlet | Found a runed translucent door.
 13813 | Gauntlet | Found a runed translucent door.
 13814 | Gauntlet | Found a large runed translucent door.
 13815 | Gauntlet | Found a large runed translucent door.
 13816 | Gauntlet | Found a large runed translucent door.
 13816 | Gauntlet | Found a large runed translucent door.
 13817 | Gauntlet | Found a runed translucent gate.
 13817 | Gauntlet | Found a runed translucent gate.
 13817 | Gauntlet | Found a runed translucent gate.
 13818 | Gauntlet | Noticed a sixfirhy
 13819 | Gauntlet | Found a transporter.
 13828 | Gauntlet | Found a large runed translucent door.
 13828 | Gauntlet | Found a large runed translucent door.
 13829 | Gauntlet | Found a large runed translucent door.
 13830 | Gauntlet | Found a large runed translucent door.
 13834 | Gauntlet | Found a transporter.
 13844 | Gauntlet | Found a transporter.
 13859 | Gauntlet | Found a transporter.
 13865 | Gauntlet | Found a transporter.
 13873 | Gauntlet | Noticed a minotaur
 13890 | Gauntlet | Found a transporter.
 13897 | Gauntlet | Found a large runed translucent door.
 13898 | Gauntlet | Found a large runed translucent door.
 13899 | Gauntlet | Found a large runed translucent door.
 13899 | Gauntlet | Found a large runed translucent door.
 14137 | Gauntlet | Learned a level 3 spell: Teleport Other
 14142 | Gauntlet | Killed a sixfirhy
 14153 | Gauntlet | Killed a sixfirhy
 14155 | Gauntlet | Slain by a sixfirhy

Illustrated notes

Levels and vault maps discovered:
D:1:      elethiomel_arrival_quiet, layout_loops_ring, glass_columns_a
D:2:      layout_basic, hellmonk_ecumenical_altar_crossroads,
          grunt_decor_clamped, uniq_sigmund
D:3:      layout_rooms
D:4:      layout_basic, chequers_serial_rivers_micro_c
D:5:      layout_rooms, minmay_large_rounded_square, grunt_ministairs_10
D:6:      layout_rooms, nicolae_ru_the_path_less_chosen, st_stairs_3
D:7:      nicolae_cairo_tiling_very_big, layout_basic, zin_purify,
          minmay_temple_entry_tees
D:8:      layout_rooms, mainiacjoe_overflow_brackets
D:9:      layout_loops_corners, grunt_temple_overflow_magic_moments,
          orc_0_dummy, ebering_ghost_gozag, centaur_isle, uniq_gastronok
D:10:     layout_roguey, minivault_12, uniq_harold, uniq_erolcha, uniq_sonja,
          uniq_josephine
D:11:     layout_basic, grunt_lair_entry_orc_guard_hut, gauntlet_entry_generic,
          roderic_batcave, introduction_to_nature_2
Temple:   regret_index_temple_sphere_string
Gauntlet: gammafunk_gauntlet_shortcut [nicolae_gauntlet_arena_grate_2,
          gammafunk_gauntlet_arena_grid, gammafunk_gauntlet_arena_spirals,
          minmay_gauntlet_arena_make_your_own_arena, nicolae_gauntlet_arena_x,
          gammafunk_gauntlet_arena_hedges, dreamdust_gauntlet_exit_labyrinth]

Skill      XL: |  1  2  3  4  5  6  7  8  9 10 11 |
---------------+----------------------------------+-----
Spellcasting   | 4 5 6 7 8 10 11 12 | 12.8
Conjurations   | 5 6 7 8 9 10 11 | 11.8
Hexes          | 1 2 3 4 5 7 |  7.4
Translocations | 1 2 4 5 |  5.6
Earth Magic    | 5 7 8 |  8.6
Shields        | 2 4 5 |  5.7
Dodging        | |  2.4
Stealth        | |  2.4

Action                   |  1- 3 |  4- 6 |  7- 9 | 10-12 || total
-------------------------+-------+-------+-------+-------++-------
 Cast: Magic Dart        |    81 |    37 |    50 |    23 ||   191
       Searing Ray       |     5 |    12 |    39 |    21 ||    77
       Fulminant Prism   |       |     6 |    32 |    85 ||   123
       Iskenderun's Myst |       |     2 |    20 |    27 ||    49
       Gell's Gravitas   |       |       |       |     5 ||     5
       Tukima's Dance    |       |       |       |     2 ||     2
Evoke: Wand              |       |     5 |     2 |       ||     7
       Piece from Xom's  |       |       |       |     1 ||     1
  Use: Scroll            |       |     9 |     5 |     7 ||    21
       Potion            |       |     5 |     2 |     4 ||    11
Armor: Robe              |       |     3 |    11 |     3 ||    17
Dodge: Dodged            |     1 |     3 |    24 |    28 ||    56
Block: Buckler           |       |       |       |     6 ||     6
